 Dungeon Crawl Stone Soup version 0.31-a0-232-gb1c03b2570 (webtiles) character file.

Game seed: 7788339835554303280

86 qw the Shooter (level 4, -4/36 HPs)
             Began as a Minotaur Hexslinger on July 7, 2023.
             Killed by divine providence
             ... invoked by an orc priest
              (11 damage)
             ... on level 3 of the Dungeon.
             The game lasted 00:00:35 (1363 turns).

qw the Shooter (Minotaur Hexslinger)                Turns: 1363, Time: 00:00:36

Health: -4/36      AC:  3    Str: 12    XL:     4   Next: 26%
Magic:  4/4        EV: 12    Int: 10    God:
Gold:   143        SH:  0    Dex: 15    Spells: 4/5 levels left

rFire   . . .        e - +2 sling (heavy)
rCold   . . .        (no shield)
rNeg    . . .        b - +0 leather armour
rPois   .            (helmet restricted)
rElec   .            (no cloak)
rCorr   .            (no gloves)
SInv    .            (no boots)
Will    .....        (no amulet)
Stlth   +            (no ring)
HPRegen 0.26/turn    (no ring)
MPRegen 0.09/turn

%: no passive effects
@: no status effects
A: horns 2, retaliatory headbutt
a: no special abilities


You were on level 3 of the Dungeon.
You visited 1 branch of the dungeon, and saw 3 of its levels.

You collected 143 gold pieces.


Innate Abilities, Weirdness & Mutations

You have a pair of horns on your head.
You reflexively headbutt those who attack you in melee.


   Skills:
 - Level 2.0 Fighting
 + Level 4.8 Ranged Weapons
 - Level 2.1 Dodging
 - Level 1.0 Spellcasting
 - Level 2.0 Hexes


You had 4 spell levels left.
You knew the following spells:

 Your Spells              Type           Power      Damage    Failure   Level
a - Slow                  Hex            16%        N/A       19%         1

Your spell library contained the following spells:

 Spells                   Type           Power      Damage    Failure   Level
 Inner Flame              Hex/Fire       2%         N/A       65%         3
 Portal Projectile        Hex/Tloc       4%         N/A       65%         3
 Cause Fear               Hex            2%         N/A       88%         4

Inventory:

Hand Weapons
 e - a +2 heavy sling (weapon)
Armour
 b - a +0 leather armour (worn)
Jewellery
 c - a ring of protection from cold
Scrolls
 a - a scroll of brand weapon
Potions
 d - a potion of enlightenment {unknown}
 f - a potion of attraction {unknown}
 g - a potion of degeneration {unknown}

Dungeon Overview and Level Annotations

Branches:
Dungeon (3/15)

Altars:
Hepliaklqana


Message History

Enter note:
Enter note:
Enter note: You shoot a sling bullet.
The sling bullet completely misses the orc priest.
You hear a shout!
The orc priest invokes the aid of Beogh against you.
Beogh smites you!
An orc comes into view. It is wielding a +0 mace.
You shoot a sling bullet. The sling bullet hits the orc priest.
The orc priest is moderately wounded.
The orc priest barely misses you.
The orc priest mumbles some strange prayers to Beogh against you.
Pain shoots through your body!
You shoot a sling bullet.
The sling bullet hits the orc priest but does no damage.
The orc priest is moderately wounded.
You shoot a sling bullet. The sling bullet hits the orc!
You kill the orc!
You shoot a sling bullet. The sling bullet hits the orc priest.
The orc priest is heavily wounded.
The orc priest miscasts a cantrip.
A goblin comes into view. It is wielding a +0 dagger.
The orc priest closely misses you. You furiously retaliate!
You headbutt the orc priest, but do no damage.
You shoot a sling bullet.
The sling bullet closely misses the orc priest.
The orc priest hits you but does no damage.
The orc priest hits you with a +0 dagger.
You shoot a sling bullet.
The sling bullet closely misses the orc priest.
The orc priest mumbles some strange prayers to Beogh against you.
Beogh smites you!
The orc priest hits you with a +0 dagger.
You shoot a sling bullet.
The sling bullet barely misses the orc priest.
The orc priest hits you with a +0 dagger.
The orc priest mumbles some strange prayers to Beogh against you.
Beogh smites you!
You die...

. .. ## ##..
####g ...
#...o##.#
##@..# #..###
##.## ##..#
#.(## #.##
#####.#
##....%# ###
+.####..#####
##.. #.~.#


You could see an orc priest and a goblin.

Vanquished Creatures
  4 adders
  A worm (D:2)
  2 dart slugs
  An orc (D:3)
  3 endoplasms
  2 giant cockroaches (D:1)
  3 goblins
  5 hobgoblins
  5 quokkas
  5 ball pythons
  5 bats
  2 frilled lizards
  2 rats
40 creatures vanquished.

Notes
Turn   | Place    | Note
-------+----------+-------------------------------------------
     0 | D:1      | qw the Minotaur Hexslinger began the quest for the Orb.
     0 | D:1      | Reached XP level 1. HP: 16/16 MP: 1/1
     0 | D:1      | 0 ||| qw: Version: 0.3-a-46-gb1f654a
     0 | D:1      | 0 ||| qw: Game counter: 2965
     0 | D:1      | 0 ||| qw: Melee chars always use a shield: true
     0 | D:1      | 0 ||| qw: God list: Okawaru
     0 | D:1      | 0 ||| qw: Allow faded altars: false
     0 | D:1      | 0 ||| qw: Do Orc after clearing Dungeon:15 true
     0 | D:1      | 0 ||| qw: Do second Lair branch before Depths: true
     0 | D:1      | 0 ||| qw: Lair rune preference: random
     0 | D:1      | 0 ||| qw: Goals: Normal
     0 | D:1      | 0 ||| PLANNING D:1-11
   106 | D:1      | Reached skill level 3 in Ranged Weapons
   106 | D:1      | Reached XP level 2. HP: 23/23 MP: 2/2
   445 | D:1      | 445 ||| READING 2 scrolls labelled AMPUOC UDDU.
   446 | D:1      | 446 ||| READING scroll labelled ZIEFUJA APTE.
   447 | D:1      | 447 ||| READING 2 scrolls labelled ILLEPHOIFF.
   448 | D:1      | 448 ||| READING scroll of enchant weapon.
   448 | D:1      | 448 ||| ENCHANTING +1 heavy sling.
   449 | D:1      | 449 ||| READING scroll labelled GUBRESTR UG ABRA.
   450 | D:1      | 450 ||| READING scroll labelled PYOQAR XUETAPT.
   451 | D:1      | 451 ||| READING scroll labelled DEMNOIK HIONAE.
   494 | D:1      | 494 ||| DROPPING scroll of poison.
   576 | D:2      | Reached XP level 3. HP: 16/29 MP: 3/3
   578 | D:2      | HP: 6/29 [hobgoblin (2)]
   582 | D:2      | HP: 1/29 [worm (3)]
   854 | D:2      | Reached skill level 4 in Ranged Weapons
  1150 | D:2      | 1150 ||| UPGRADING to +0 leather armour.
  1160 | D:2      | 1160 ||| DROPPING +0 robe.
  1161 | D:2      | 1161 ||| READING scroll labelled XAAMER QILAONK.
  1162 | D:2      | 1162 ||| READING scroll labelled ENENAI KEIS.
  1203 | D:3      | Reached XP level 4. HP: 34/36 MP: 4/4
  1210 | D:3      | Identified the +8 chain mail of the Miller {Harm rF+++
                  | Str-3 Int+2}
  1265 | D:3      | Found a hazy altar of Hepliaklqana.
  1363 | D:3      | HP: 7/36 [orc priest/+0 dagger (4)]
  1363 | D:3      | Killed from afar by an orc priest

Levels and vault maps discovered:
D:1:      dpeg_arrival_windows_large_door, layout_rooms
D:2:      layout_loops_ring
D:3:      layout_rooms, mainiacjoe_overflow_boulevard, dk_noncrumbling_3

Skill      XL: |  1  2  3 |
---------------+----------+-----
Ranged Weapons | 3 4 |  4.8
Fighting       | 2 |  2.0
Dodging        | |  2.1
Spellcasting   | |  1.0
Hexes          | |  2.0

Action                     |  1- 3 |  4- 6 || total
---------------------------+-------+-------++-------
   Fire: Sling             |    93 |    15 ||   108
    Use: Scroll            |     9 |       ||     9
 Armour: Robe              |     5 |       ||     5
         Leather armour    |       |     2 ||     2
  Dodge: Dodged            |    33 |     5 ||    38

Table legend:
 A = Non-vault XP
 B = Vault XP
 C = Vault XP percentage of total XP
 D = Non-vault monster count
 E = Vault monster count
 F = Vault count percentage of total count
                 A         B        C        D         E       F
            +---------+---------+-------+---------+---------+-------
      Total |     123 |       0 |   0.0 |      40 |       0 |   0.0
            +---------+---------+-------+---------+---------+-------
        D:1 |      36 |       0 |   0.0 |      20 |       0 |   0.0
        D:2 |      57 |       0 |   0.0 |      11 |       0 |   0.0
        D:3 |      30 |       0 |   0.0 |       9 |       0 |   0.0
            +---------+---------+-------+---------+---------+-------
